 Dungeon Crawl Stone Soup version 0.29.1-12-g30fa7ad0bf (webtiles) character file.

Game seed: 2168831997461566234

40 kurumiz the Poker (level 3, -5/37 HPs)
             Began as an Ogre Gladiator on Dec 17, 2022.
             Slain by a bullfrog (6 damage)
             ... on level 4 of the Dungeon.
             The game lasted 00:02:47 (1798 turns).

kurumiz the Poker (Ogre Gladiator)                  Turns: 1798, Time: 00:02:48

Health: -5/37      AC:  3    Str: 20    XL:     3   Next: 50%
Magic:  3/3        EV: 10    Int:  9    God:
Gold:   173        SH:  0    Dex: 10    Spells: 2/2 levels left

rFire   . . .      SeeInvis .   a - +0 trident
rCold   . . .      Faith    .   (no shield)
rNeg    . . .      Spirit   .   b - +0 robe
rPois   .          Reflect  .   c - +0 hat
rElec   .          Harm     .   (no cloak)
rCorr   .          Rampage  .   (gloves unavailable)
Will    .....                   (boots unavailable)
Stlth   +.........              (no amulet)
HPRegen 0.12/turn               (no ring)
MPRegen 0.08/turn               (no ring)

@: no status effects
A: large, unfitting armour, tough skin 1
a: no special abilities


You were on level 4 of the Dungeon.
You visited 1 branch of the dungeon, and saw 4 of its levels.

You collected 173 gold pieces.

Inventory:

Hand Weapons
 a - a +0 trident (weapon)
 p - a +0 sling
Missiles
 d - 3 throwing nets (quivered)
 e - a large rock
Armour
 b - a +0 robe (worn)
 c - a +0 hat (worn)
 j - a +0 pair of boots
 m - a +0 plate armour
Jewellery
 i - an amulet of regeneration
Scrolls
 h - a scroll of fog {unknown}
 k - a scroll of identify {unknown}
 l - a scroll of silence {unknown}
 n - 2 scrolls of teleportation {unknown}
Potions
 f - 2 potions of haste {unknown}
 g - 2 potions of curing {unknown}
 o - 2 potions of might {unknown}


   Skills:
 + Level 3.2 Fighting
 + Level 3.8 Polearms
 + Level 2.1 Throwing
 + Level 3.0 Dodging


You had 2 spell levels left.
You didn't know any spells.
Your spell library was empty.

Dungeon Overview and Level Annotations

Branches:
Dungeon (4/15)
 Temple: D:4-7

Altars:


Innate Abilities, Weirdness & Mutations

You are too large for most types of armour.
You have tough skin. (AC +1)


Message History

The bullfrog is heavily wounded.
The bullfrog hits you. The bullfrog closely misses you.
You closely miss the bullfrog.
The bullfrog is heavily wounded.
The bullfrog hits you.
You hear a distant slurping noise.
The bullfrog barely misses you.
You closely miss the bullfrog.
The bullfrog is heavily wounded.
The bullfrog closely misses you.
You barely miss the bullfrog.
The bullfrog is heavily wounded.
The bullfrog hits you. The bullfrog barely misses you.
You closely miss the bullfrog.
The bullfrog is heavily wounded.
The bullfrog hits you! The bullfrog barely misses you.
You miss the bullfrog.
The bullfrog is heavily wounded.
The bullfrog barely misses you.
You closely miss the bullfrog.
The bullfrog is moderately wounded.
The bullfrog hits you. x2
* * * LOW HITPOINT WARNING * * *
You barely miss the bullfrog. You punch the bullfrog.
The bullfrog is heavily wounded.
The bullfrog hits you but does no damage. x2
You hit the bullfrog.
The bullfrog is heavily wounded.
The bullfrog barely misses you. The bullfrog hits you.
* * * LOW HITPOINT WARNING * * *
You closely miss the bullfrog.
The bullfrog is heavily wounded.
The bullfrog hits you.
* * * LOW HITPOINT WARNING * * *
You barely miss the bullfrog.
The bullfrog is heavily wounded.
The bullfrog hits you!
* * * LOW HITPOINT WARNING * * *
The bullfrog hits you.
You die...

#. #.......# #.
#.[.....#..#.....# #.
#.......#..#.....#######
#.......+..#.....#....##
#.......#..#.....+....#.
........#..#.....#....#.
.......F#..#.....#....#.
.......@#..#.....#....'.
........#..'...[.'....#.
........####.....#..####
##+####..........#..#
#..........#...#
#..........#...#
#..........#####
##+#.....### +.....#


You could see a bullfrog.

Vanquished Creatures
  2 worms (D:2)
  2 dart slugs (D:2)
  4 ball pythons (D:2)
  4 endoplasms
  2 giant cockroaches
  2 goblins
  2 hobgoblins
  2 kobolds (D:1)
  2 quokkas
  2 bats
  A frilled lizard (D:2)
  3 rats
28 creatures vanquished.

Notes
Turn   | Place    | Note
-------+----------+-------------------------------------------
     0 | D:1      | kurumiz the Ogre Gladiator began the quest for the Orb.
     0 | D:1      | Reached XP level 1. HP: 22/22 MP: 1/1
   353 | D:1      | Reached XP level 2. HP: 28/29 MP: 2/2
   629 | D:1      | Found a faded altar of an unknown god.
  1028 | D:2      | Reached XP level 3. HP: 36/37 MP: 3/3
  1783 | D:4      | Noticed a bullfrog
  1798 | D:4      | HP: 1/37 [bullfrog (7)]
  1798 | D:4      | Slain by a bullfrog

Illustrated notes

Levels and vault maps discovered:
D:1:      dpeg_arrival_fog, layout_basic, dilly_ecumenical_altar_fadedgnrine
D:2:      layout_loops_ring
D:3:      layout_basic
D:4:      layout_gridville, overflow_temple_1_default,
          mainiacjoe_overflow_small_starburst

Skill      XL: |  1  2 |
---------------+-------+-----
Fighting       | 3 |  3.2
Dodging        | 3 |  3.0
Polearms       | |  3.8
Throwing       | |  2.1

Action                   || total
-------------------------++-------
Melee: Trident           ||    81
       Punch             ||     1
Throw: Throwing net      ||     2
       Stone             ||     1
 Stab: Sleeping          ||     3
Armor: Robe              ||    24
Dodge: Dodged            ||    27
